Map: Oblivion Express

Players

wasp

  • Race: Protoss Protoss

larsgj

  • Race: Terran Terran

VOD

Have the link to the VOD?

Description

Time

  • Played on: Oct. 5, 2018, 10:49 a.m.
  • Length: 18:35
Show
View Real Time Build Order
Export as new Build Order

wasp Protoss 

Build Orders:  

Get SALT Encoding   

  1  0:00  Probe x12 (Chrono Boost)  
    0:10  Unknown x2  
  12  0:27  Pylon  
  12  0:43  Pylon  
  12  1:02  Gateway  
  12  1:22  Forge  
  12  1:34  Assimilator  
  12  1:48  Assimilator  
  12  2:08  Gateway  
  12  2:15  Cybernetics Core  
  12  2:35  Probe (Chrono Boost)  
  13  2:49  Probe (Chrono Boost)  
  14  3:03  Probe (Chrono Boost)  
  15  3:17  Probe (Chrono Boost), Twilight Council  
  16  3:31  Probe (Chrono Boost)  
  17  3:59  Protoss Air Armor Level 1  
  17  4:05  Zealot  
  19  5:00  Templar Archives  
  19  5:04  Zealot x2  
  19  5:05  Zealot  
  25  6:27  Zealot x2  
  29  6:33  High Templar  
  29  6:39  Protoss Air Weapons Level 1  
  31  6:55  Pylon  
  31  7:07  Pylon  
  31  7:29  Pylon  
  31  7:47  High Templar  
  33  7:51  Archon  
  33  8:20  Khaydarin Amulet  
  33  8:34  High Templar  
  33  8:35  High Templar  
  37  8:40  Archon  
  31  9:20  Psionic Storm  
  21  9:55  High Templar x2  
  25  10:03  Archon  
  25  10:31  High Templar  
  23  11:24  High Templar  
  23  11:45  Gateway  
  23  11:52  Gateway  
  23  11:58  Gateway  
  23  12:01  Trillic Compresion Mesh  
  23  12:26  Protoss Ground Armor Level 1  
  17  13:31  Singularity Charge  
  17  13:37  Zealot x3  
  17  13:38  Zealot x2  
  17  13:39  Zealot x2  
  31  13:40  Zealot  
  31  13:41  Zealot  
  35  14:16  High Templar x2  
  39  14:21  Archon  
  37  14:30  High Templar  
  37  16:14  High Templar  
  37  16:15  High Templar x2  
  37  16:19  Archon  
  17  17:26  High Templar  
  19  17:45  High Templar  
  20  18:02  Archon  
Show
View Real Time Build Order
Export as new Build Order

larsgj Terran 

Build Orders:  

Get SALT Encoding   

  1  0:00  Orbital Command, SCV x12  
    0:10  Unknown  
    0:12  SCV  
  13  0:32  Supply Depot  
  13  0:40  SCV  
  14  0:57  SCV  
  15  1:09  Barracks  
  15  1:14  SCV  
  16  1:21  Supply Depot  
  16  1:31  SCV  
  17  1:48  SCV  
  18  1:55  Refinery  
  18  2:05  SCV  
  19  2:28  Supply Depot  
  19  2:29  SCV  
  20  2:45  Marine  
  20  2:46  SCV  
  22  2:55  Marine  
  22  2:57  Refinery  
  23  3:03  SCV  
  23  3:05  Marine  
  25  3:12  Supply Depot  
  25  3:15  Marine  
  26  3:20  SCV  
  26  3:26  Marine  
  28  3:37  SCV  
  29  3:48  Supply Depot  
  29  3:54  SCV  
  30  4:11  SCV  
  31  4:33  Barracks Tech Lab  
  31  4:49  Engineering Bay  
  31  4:50  SCV, Factory  
  32  5:07  SCV  
  32  5:09  Marine  
  33  5:19  Marine  
  34  5:29  Marine  
  36  5:40  Marine  
  37  5:50  Marine  
  33  6:56  Armory  
  33  7:01  Marine  
  34  7:11  Marine  
  34  7:19  Barracks  
  35  7:21  Marine  
  35  7:25  SCV  
  37  7:31  Marine  
  37  7:33  Supply Depot  
  38  7:42  Marine  
  38  7:49  Orbital Command  
  39  8:04  Marine, Barracks Tech Lab  
  39  8:05  Supply Depot  
  40  8:14  Medic  
  42  8:24  Medic  
  44  8:35  Medic  
  44  8:37  Supply Depot  
  46  8:45  Marine  
  47  9:09  Supply Depot  
  47  9:40  Supply Depot  
  47  10:20  Command Center  
  47  10:33  Marine x2  
  49  10:43  Marine, Medic  
  52  10:53  Medic x2  
  52  10:56  Terran Vehicle and Ship Weapons Level 1  
  52  10:57  Starport  
  56  11:00  Terran Infantry Weapons Level 1  
  56  11:03  Stabilizer Medpacks, Marine  
  56  11:04  Marine  
  58  11:12  Refinery  
  58  11:13  Unknown, Medic  
  58  11:14  Marine  
  61  11:24  SCV  
  62  11:41  SCV  
  62  11:49  Starport  
  63  11:51  Refinery  
  63  11:58  SCV  
  63  11:59  Starport Tech Lab  
  64  12:05  SCV  
  65  12:15  SCV  
  66  12:22  SCV  
  66  12:25  Cloaking Field  
  67  12:32  SCV  
  67  12:39  SCV  
  68  12:56  SCV  
  66  13:03  Banshee  
  65  13:12  Starport Tech Lab  
  65  13:13  SCV  
  64  13:31  Banshee  
  64  13:36  Terran Vehicle And Ship Armor Level 1  
  63  13:40  Terran Infantry Armor Level 1  
  63  13:46  Banshee  
  64  13:58  Banshee  
  66  14:14  Banshee  
  67  14:26  Banshee  
  58  14:41  Banshee  
  59  14:54  Banshee  
  59  15:09  Banshee  
  61  15:21  Banshee  
  63  15:37  Banshee  
  57  15:49  Banshee  
  51  16:04  Banshee  
  54  16:17  Banshee  
  57  16:32  Banshee  
  57  16:34  Command Center  
  56  17:35  Fusion Core  
  55  17:42  Banshee x2  
  61  18:02  Refinery  
  61  18:15  Refinery  
Tags
 
Commander
ArtanisRaynor
Matchup
Co-op
Replay Pack
Multiplayer
Add a new tag
Caveats
  • Supply blocks, unpowered buildings, or Contaminate may cause inaccurate times.
  • Supply counts are checked every 10 seconds.